 Dungeon Crawl Stone Soup version 0.31.0-11-ge490571c62 (webtiles) character file.

Game seed: 1667717472895366684

70 qw the Ducker (level 4, -10/22 HPs)
             Began as a Spriggan Hunter on Feb 4, 2024.
             Killed by nerve-wracking pain
             ... invoked by Grinder
              (14 damage)
             ... on level 3 of the Dungeon.
             The game lasted 00:00:06 (2026 turns).

qw the Ducker (Spriggan Hunter)                     Turns: 2026, Time: 00:00:07

Health: -10/22     AC:  4    Str:  7    XL:     4   Next: 3%
Magic:  5/5        EV: 21    Int: 10    God:
Gold:   92         SH:  0    Dex: 26    Spells: 3/3 levels left

rFire   . . .        a - +0 shortbow
rCold   . . .        (shield currently unavailable)
rNeg    . . .        c - +0 robe
rPois   .            (helmet restricted)
rElec   .            g - +1 cloak
rCorr   .            (gloves unavailable)
SInv    +            (boots unavailable)
Will    .....        (no amulet)
Stlth   ++           e - +6 ring of dexterity
HPRegen 0.23/turn    (no ring)
MPRegen 0.09/turn

%: no passive effects
@: very quick
A: very small, no large weapons, unfitting armour, see invisible, speed 3
a: no special abilities


You were on level 3 of the Dungeon.
You visited 1 branch of the dungeon, and saw 3 of its levels.

You collected 92 gold pieces.


Innate Abilities, Weirdness & Mutations

You are very small and have problems with some larger weapons.
You are too small for most types of armour.
You have supernaturally acute eyesight. (SInv)
You cover ground extremely quickly. (Speed+++)


   Skills:
 - Level 1.5 Fighting
 + Level 4.6 Ranged Weapons
 - Level 5.0 Dodging
 - Level 1.5 Stealth


You had 3 spell levels left.
You didn't know any spells.
Your spell library was empty.

Inventory:

Hand Weapons
 a - a +0 shortbow (weapon)
Armour
 c - a +0 robe (worn)
 g - a +1 cloak (worn)
Jewellery
 e - a +6 ring of dexterity (left hand)
Potions
 d - a potion of might
 j - 3 potions of curing
 k - a potion of enlightenment

Dungeon Overview and Level Annotations

Branches:
Dungeon (3/15)

Altars:

Annotations:
D:3 Grinder, Jessica


Message History

Grinder shouts!
Grinder is lightly wounded.
Jessica shouts!
Jessica casts a spell.
Jessica seems to speed up.
You shoot an arrow. The arrow hits Grinder.
Grinder is moderately wounded.
Grinder gestures at you.
You struggle to resist.
You shoot an arrow. The arrow hits Grinder.
Grinder is moderately wounded.
Jessica casts a spell at you.
You easily resist.
A ribbon worm comes into view.
You shoot an arrow. The arrow hits Grinder.
Grinder is moderately wounded.
Jessica shouts, "You're disturbing me!
I'll have to kill you!"
You shoot an arrow. The arrow hits Grinder.
Grinder is heavily wounded.
Grinder hits you!
You shoot an arrow. The arrow hits Grinder!
Grinder is severely wounded.
Grinder closely misses you.
Jessica looks very angry.
You shoot an arrow. The arrow closely misses Grinder.
Grinder gestures at you. Pain shoots through your body!
Ouch! That really hurt!
Grinder gestures at you. Pain shoots through your body!
You shoot an arrow. The arrow completely misses Grinder.
Grinder blinks!
You shoot an arrow.
The arrow hits Grinder but does no damage.
Grinder is severely wounded.
Grinder gestures at you. Pain shoots through your body!
Ouch! That really hurt!
You die...
Grinder says, "Hey, I wasn't done torturing you yet!"

......#......# ....
.#......#
....>........# .....
.......# #
.............
#.#....w#.5..
.##....@..# . ####@#
#.##....#
#.##.#..########
#......### #..
###......####.# ..#
#...###....#.#
#.##.............#
#..#...#......##.##
####.....##......##..##


You could see Grinder, a ribbon worm and Jessica (fast).

Vanquished Creatures
  2 adders (D:2)
  A dart slug (D:1)
  A ribbon worm (D:2)
  7 endoplasms
  A giant cockroach (D:1)
  4 goblins (D:1)
  5 hobgoblins
  4 jackals (D:1)
  6 kobolds
  4 quokkas
  2 ball pythons (D:1)
  2 bats
  2 rats (D:1)
41 creatures vanquished.

Notes
Turn   | Place    | Note
-------+----------+-------------------------------------------
     0 | D:1      | qw the Spriggan Hunter began the quest for the Orb.
     0 | D:1      | Reached XP level 1. HP: 10/10 MP: 2/2
     0 | D:1      | 0 ||| qw: Version: 0.3-a-160-g6735b56
     0 | D:1      | 0 ||| qw: Game counter: 5516
     0 | D:1      | 0 ||| qw: Melee chars always use a shield: true
     0 | D:1      | 0 ||| qw: God list: Okawaru
     0 | D:1      | 0 ||| qw: Allow faded altars: false
     0 | D:1      | 0 ||| qw: Do Orc after clearing Dungeon:15 true
     0 | D:1      | 0 ||| qw: Do second Lair branch before Depths: true
     0 | D:1      | 0 ||| qw: Lair rune preference: random
     0 | D:1      | 0 ||| qw: Goals: Normal
     0 | D:1      | 0 ||| PLANNING D:1-11
    60 | D:1      | Reached skill level 3 in Dodging
   198 | D:1      | Reached XP level 2. HP: 14/14 MP: 3/3
   223 | D:1      | Reached skill level 4 in Dodging
   824 | D:1      | Reached XP level 3. HP: 18/18 MP: 4/4
   887 | D:1      | 887 ||| UPGRADING to +0 cloak.
   892 | D:1      | 892 ||| UPGRADING to +6 ring of dexterity.
   893 | D:1      | 893 ||| READING scroll labelled VEATAY ZYUBUSS.
   893 | D:1      | 893 ||| IDENTIFYING red potion
   894 | D:1      | 894 ||| READING scroll labelled FARREWK NUOSH.
   895 | D:1      | 895 ||| DROPPING scroll of butterflies.
  1326 | D:2      | Reached skill level 5 in Dodging
  1343 | D:2      | You fall into a shaft and drop 1 floor!
  1365 | D:3      | 1365 ||| READING 2 scrolls of identify.
  1365 | D:3      | 1365 ||| IDENTIFYING lumpy orange potion
  1366 | D:3      | 1366 ||| READING scroll of identify.
  1366 | D:3      | 1366 ||| IDENTIFYING smoky dark potion
  1367 | D:3      | 1367 ||| READING scroll labelled USTRIS COILETOL.
  1367 | D:3      | 1367 ||| ENCHANTING +0 cloak.
  1368 | D:3      | 1368 ||| READING scroll labelled VIBBUS FURAN.
  1369 | D:3      | 1369 ||| DROPPING potion of berserk rage.
  1864 | D:2      | Reached XP level 4. HP: 22/22 MP: 5/5
  1885 | D:2      | 1885 ||| READING scroll of identify.
  1885 | D:2      | 1885 ||| IDENTIFYING fizzy dark potion
  1886 | D:2      | 1886 ||| READING scroll labelled ARIXYO WYIKE.
  2017 | D:3      | Noticed Grinder
  2017 | D:3      | Noticed Jessica
  2024 | D:3      | HP: 5/22 [Grinder/nerve-wracking pain (11)]
  2026 | D:3      | Killed from afar by Grinder

Levels and vault maps discovered:
D:1:      amcnicky_arrival_blooded_trapdoor, layout_loops_corners,
          minmay_indecisive_spiral
D:2:      layout_basic
D:3:      layout_rooms, mainiacjoe_overflow_catwalk_spiral,
          ebering_ecumenical_altar_petrified, uniq_grinder, uniq_jessica

Skill      XL: |  1  2  3 |
---------------+----------+-----
Dodging        | 3 4 5 |  5.0
Fighting       | |  1.5
Ranged Weapons | |  4.6
Stealth        | |  1.5

Action                     |  1- 3 |  4- 6 || total
---------------------------+-------+-------++-------
   Fire: Shortbow          |   105 |    14 ||   119
    Use: Scroll            |     6 |     2 ||     8
 Armour: Robe              |    17 |     1 ||    18
  Dodge: Dodged            |    60 |     2 ||    62

Table legend:
 A = Non-vault XP
 B = Vault XP
 C = Vault XP percentage of total XP
 D = Non-vault monster count
 E = Vault monster count
 F = Vault count percentage of total count
                 A         B        C        D         E       F
            +---------+---------+-------+---------+---------+-------
      Total |      93 |       7 |   7.0 |      37 |       4 |   9.8
            +---------+---------+-------+---------+---------+-------
        D:1 |      36 |       7 |  16.3 |      19 |       4 |  17.4
        D:2 |      49 |       0 |   0.0 |      13 |       0 |   0.0
        D:3 |       8 |       0 |   0.0 |       5 |       0 |   0.0
            +---------+---------+-------+---------+---------+-------
